 Dungeon Crawl Stone Soup version 0.30-a0-459-g9104f0fc43 (webtiles) character file.

Game seed: 12995776518963081272

5051 cforsyth the Grappler (level 10, 0/98 (100) HPs)
             Began as a Troll Fighter on Dec 16, 2022.
             Killed from afar by an acid dragon (21 damage)
             ... with a splash of acid
             ... on level 8 of the Dungeon.
             The game lasted 00:11:02 (6453 turns).

cforsyth the Grappler (Troll Fighter)               Turns: 6453, Time: 00:11:02

HP:   0/98 (100)    AC: -5    Str: 32    XL:     10   Next: 31%
MP:   9/9           EV:  9    Int:  8    God:
Gold: 495           SH:  9    Dex:  9    Spells: 9/9 levels left

rFire   . . .      SeeInvis .      - Unarmed
rCold   . . .      Faith    .    b - +0 kite shield
rNeg    . . .      Spirit   .    A - +0 steam dragon scales
rPois   +          Reflect  .    (helmet restricted)
rElec   .          Harm     .    (no cloak)
rCorr   .          Rampage  .    (gloves unavailable)
Will    .....                    (boots unavailable)
Stlth   +.........               (no amulet)
HPRegen 1.16/turn                g - ring of poison resistance
MPRegen 0.11/turn                B - +6 ring of strength

@: corroded, lightly drained
A: large, unfitting armour, claws 3, regeneration 1, shaggy fur 1, tough skin 1
a: no special abilities


You were on level 8 of the Dungeon.
You visited 2 branches of the dungeon, and saw 9 of its levels.

You collected 495 gold pieces.

Inventory:

Missiles
 y - a throwing net (quivered)
Armour
 a - a +0 robe
 b - a +0 kite shield (worn)
 A - +0 steam dragon scales (worn)
Jewellery
 g - a ring of poison resistance (left claw)
 B - a +6 ring of strength (right claw)
 D - a +6 ring of strength
Wands
 u - a wand of roots (27)
Scrolls
 d - 9 scrolls of identify {unknown}
 i - a scroll of immolation
 k - a scroll of fear
 m - 5 scrolls of enchant weapon {unknown}
 p - a scroll of teleportation {unknown}
 q - a scroll of blinking {unknown}
 r - a scroll of torment {unknown}
 t - a scroll of magic mapping {unknown}
 v - 5 scrolls of enchant armour {unknown}
 x - a scroll of amnesia {unknown}
 C - a scroll of butterflies {unknown}
Potions
 c - a potion of might
 e - 2 potions of mutation {unknown}
 f - 4 potions of magic
 h - 4 potions of curing {unknown}
 j - 2 potions of haste {unknown}
 l - 3 potions of berserk rage
 n - a potion of degeneration {unknown}
 o - a potion of lignification
 s - 4 potions of heal wounds {unknown}
 w - 3 potions of attraction {unknown}
 z - a potion of brilliance {unknown}
 E - 2 potions of invisibility {unknown}


   Skills:
 + Level 6.9 Fighting
 - Level 2.4 Dodging
 + Level 7.5 Shields
 * Level 11.0 Unarmed Combat


You had 9 spell levels left.
You didn't know any spells.
Your spell library contained the following spells:

 Spells                   Type           Power      Damage    Failure   Level
 Dazzling Flash           Conj/Hex       0%         N/A       95%         3
 Kindle Blastsparks       Fire/Tloc/Air  0%         2d10      95%         3
 Fulminant Prism          Conj/Hex       0%         3d5       100%        4
 Iskenderun's Mystic Bla  Conj/Tloc      0%         2d3       100%        4
 Lee's Rapid Deconstruct  Erth           0%         3d4*      100%        5
 Starburst                Conj/Fire      0%         6d3       100%        6


Dungeon Overview and Level Annotations

Branches:
Dungeon (8/15)             Temple (1/1) D:4
   Lair: D:8-11

Altars:
Ashenzari
Cheibriados
Dithmenos
Fedhas
Gozag
Hepliaklqana
Kikubaaqudgha
Makhleb
Nemelex Xobeh
Okawaru
Qazlal
Ru
Trog
Uskayaw
Vehumet
Xom
Yredelemnul
Zin
The Shining One

Shops:
D:3 (


Innate Abilities, Weirdness & Mutations

You are too large for most types of armour.
You have claws for hands.
Your natural rate of healing is unusually fast.
You are covered in fur. (AC +1)
You have tough skin. (AC +1)


Message History

An ice beast is nearby!
No target in view!
No target in view!
No target in view!
No target in view!
No target in view!
No target in view!
No target in view!
An acid dragon comes into view.
Found a scroll labelled BAUDGH UNUSHRO.
The acid dragon roars!
The acid dragon spits acid at you. The splash of acid hits you!!
The acid corrodes you!
You hear an angry hiss.
The acid dragon spits acid at you. The splash of acid hits you!!
The acid corrodes you!
You scratch the acid dragon.
The acid dragon is lightly wounded.
The acid dragon bites you! The acid dragon claws you.
You completely miss the acid dragon.
The acid dragon is lightly wounded.
You block the acid dragon's attack. x2
You completely miss the acid dragon.
The acid dragon is lightly wounded.
The acid dragon bites you! You block the acid dragon's attack.
You mangle the acid dragon!!
The acid dragon is severely wounded.
You closely miss the acid dragon.
The acid dragon is severely wounded.
The acid dragon spits acid at you. The splash of acid hits you!!
* * * LOW HITPOINT WARNING * * *
The acid corrodes you!
An orc comes into view. It is wielding a +0 club.
The ice beast closely misses you.
You scratch the acid dragon but do no damage.
The acid dragon is severely wounded.
The acid dragon spits acid at you. The splash of acid hits you!!
You die...

..... .## ....
...######......
...............
............... #.#
###...... ..... ...
........#...... #.#
##.##.#...?.. #.#
#..D@........
###.#########Y####.##
.........# #.#.....
#######.#####.###.#.#.#
..................o...#..
#######..####............
#........#<#.#......
#.#..........#....##
#.#.####.....#....#


You could see an acid dragon (catching breath), an ice beast and an orc.

Vanquished Creatures
  A two-headed ogre (D:6)
  Pikel (D:5)
  A cyclops (D:7)
  Grinder (D:3)
  Sigmund (D:2)
  2 steam dragons
  2 water moccasins
  3 orc warriors
  2 sky beasts
  A black bear (D:6)
  2 ogres
  An ice beast (D:6)
  2 centaurs (D:6)
  2 phantoms (D:6)
  A lemure (D:6)
  3 bullfrogs
  A necrophage (D:6)
  A scorpion (D:5)
  4 wights
  3 killer bees (D:6)
  3 howler monkeys
  3 hounds
  8 orc priests
  4 jellies
  Jessica (D:3)
  Ijyb (D:4)
  2 iguanas
  5 orc wizards
  5 adders
  5 gnolls (D:5)
  2 white imps
  A worm (D:3)
  5 dart slugs
  31 orcs
  7 bats
  8 endoplasms
  3 giant cockroaches
  6 goblins
  7 hobgoblins
  5 jackals
  4 kobolds
  2 quokkas
  8 ball pythons
  6 frilled lizards
  13 rats
180 creatures vanquished.

Vanquished Creatures (others)
  2 plants (D:7)
2 creatures vanquished.

Grand Total: 182 creatures vanquished

Notes
Turn   | Place    | Note
-------+----------+-------------------------------------------
     0 | D:1      | cforsyth the Troll Fighter began the quest for the Orb.
     0 | D:1      | Reached XP level 1. HP: 22/22 MP: 0/0
   342 | D:1      | Reached XP level 2. HP: 29/29 MP: 1/1
   718 | D:1      | Found a faded altar of an unknown god.
   812 | D:2      | Noticed Sigmund
   828 | D:2      | Killed Sigmund
   829 | D:2      | Reached skill level 4 in Unarmed Combat
   829 | D:2      | Reached XP level 3. HP: 33/37 MP: 2/2
   829 | D:2      | Reached XP level 4. HP: 40/45 MP: 3/3
   829 | D:2      | Reached XP level 5. HP: 47/53 MP: 4/4
  1053 | D:2      | Found a hazy altar of Hepliaklqana.
  1292 | D:3      | Noticed Grinder
  1302 | D:3      | Paralysed by Grinder for 5 turns
  1323 | D:3      | Killed Grinder
  1324 | D:3      | Reached skill level 5 in Unarmed Combat
  1324 | D:3      | Reached XP level 6. HP: 4/62 MP: 5/5
  1789 | D:3      | Noticed Jessica
  1801 | D:3      | Killed Jessica
  1868 | D:3      | Found Iqaem's Weapon Emporium.
  2011 | D:4      | Reached XP level 7. HP: 68/68 MP: 6/6
  2065 | D:4      | Found a sacrificial altar of Ru.
  2172 | D:4      | Found a sparkling altar of Nemelex Xobeh.
  2225 | D:4      | Found a staircase to the Ecumenical Temple.
  2244 | D:4      | Noticed Ijyb
  2251 | D:4      | Killed Ijyb
  2252 | D:4      | Reached skill level 6 in Unarmed Combat
  2413 | D:4      | Found an opulent altar of Gozag.
  2470 | D:4      | Found a bloodstained altar of Trog.
  2680 | D:5      | Entered Level 5 of the Dungeon
  2777 | D:4      | Reached XP level 8. HP: 8/79 MP: 7/7
  3145 | D:5      | Reached skill level 5 in Shields
  3196 | Temple   | Entered the Ecumenical Temple
  3344 | D:5      | Identified the +1 leather armour of Eternal Night {Will-
                  | Str+4 Dex+5}
  3469 | D:5      | Found a broken altar of Ashenzari.
  3493 | D:5      | Found a burning altar of Makhleb.
  3537 | D:5      | Found a hide-covered altar of Uskayaw.
  3586 | D:5      | Reached skill level 7 in Unarmed Combat
  3888 | D:6      | Reached skill level 5 in Fighting
  3919 | D:6      | Reached skill level 8 in Unarmed Combat
  3919 | D:6      | Noticed Pikel
  3953 | D:5      | Killed Pikel
  3954 | D:5      | Reached XP level 9. HP: 49/88 MP: 8/8
  4291 | D:6      | Reached skill level 9 in Unarmed Combat
  4429 | D:6      | Noticed a two-headed ogre
  4460 | D:6      | Killed a two-headed ogre
  4649 | D:6      | Found a shimmering altar of Xom.
  4942 | D:6      | Reached skill level 10 in Unarmed Combat
  5200 | D:7      | Found a basalt altar of Yredelemnul.
  5203 | D:7      | Found a radiant altar of Vehumet.
  5203 | D:7      | Noticed a cyclops
  5204 | D:7      | Found a glowing silver altar of Zin.
  5384 | D:7      | Reached XP level 10. HP: 96/100 MP: 9/9
  5404 | D:7      | Killed a cyclops
  5839 | D:7      | Found a stormy altar of Qazlal.
  6311 | D:8      | Found a shadowy altar of Dithmenos.
  6361 | D:8      | Reached skill level 11 in Unarmed Combat
  6453 | D:8      | Killed from afar by an acid dragon

Illustrated notes

Levels and vault maps discovered:
D:1:      dpeg_arrival_castle, layout_basic, hellmonk_ecumenical_altar_run_dry
D:2:      layout_basic, basic_altar, uniq_sigmund
D:3:      minmay_chambers_of_twos, layout_basic, serial_shops, shop,
          nicolae_eternal_life, uniq_jessica, uniq_grinder
D:4:      layout_cave_pools, grunt_gozag_breadcrumbs,
          mainiacjoe_overflow_six_doors_small, amcnicky_altar_gilded,
          mainiacjoe_overflow_alcove_2, minmay_temple_entry_statues,
          chequers_jeans, dk_rats_in_the_wall, uniq_ijyb
D:5:      cheibrodos_helix_gallery, layout_basic, old_standard_altar,
          mainiacjoe_overflow_alcove_1, mainiacjoe_overflow_boulevard
D:6:      layout_basic, lemuel_coloured_pillars_altar, uniq_pikel
D:7:      layout_rooms, nicolae_qazlal_eye_of_the_storm,
          gammafunk_temple_overflow_forgotten, enter_bailey_2
D:8:      layout_basic, kennysheep_orc_sif_temple, lemuel_doored_altar,
          serial_shops, shop, serial_corexii_hall, corexii_hall_statues_x,
          corexii_hall_statues_deadend
Temple:   nicolae_temple_two_arcs

Skill      XL: |  1  2  3  4  5  6  7  8  9 10 |
---------------+-------------------------------+-----
Fighting       | 3 4 5 6 |  6.9
Shields        | 3 4 6 7 |  7.5
Unarmed Combat | 4 5 6 8 10 11 | 11.0
Dodging        | |  2.4

Action                   |  1- 3 |  4- 6 |  7- 9 | 10-12 || total
-------------------------+-------+-------+-------+-------++-------
Melee: Unarmed           |    66 |   117 |   284 |    73 ||   540
  Use: Scroll            |       |       |     2 |       ||     2
       Potion            |       |       |     2 |       ||     2
 Stab: Sleeping          |       |     1 |       |       ||     1
Armor: Robe              |    20 |    27 |    43 |       ||    90
       Steam dragon scal |       |       |    45 |     7 ||    52
       Skin              |       |       |     3 |       ||     3
Dodge: Dodged            |    15 |    29 |   115 |    22 ||   181
Block: Kite shield       |    27 |    29 |   145 |    23 ||   224

Table legend: (Time is in decaauts)
 A = Elapsed time spent in this place.
 B = Non-inter-level travel time spent in this place.
 C = Inter-level travel time spent in this place.
 D = Time resting spent in this place.
 E = Time spent auto-exploring this place.
 F = Levels seen in this place.
 G = Mean time per level.
                   A        B        C        D        E       F      G
               +--------+--------+--------+--------+--------+-----+--------+
         Total |   6457 |   6270 |    187 |   1177 |   3521 |   9 |  717.4 |
       Dungeon |   6339 |   6159 |    180 |   1177 |   3415 |   8 |  792.4 |
        Temple |    117 |    110 |      7 |      0 |    106 |   1 |  117.0 |
               +--------+--------+--------+--------+--------+-----+--------+

Top non-repeatable levels by time:
     D:6: 1191 daAuts
     D:4: 1090 daAuts
     D:5: 855 daAuts
     D:3: 835 daAuts
     D:7: 822 daAuts
     D:1: 816 daAuts
     D:2: 366 daAuts
     D:8: 361 daAuts
  Temple: 117 daAuts
